 Dungeon Crawl Stone Soup version 0.30.0-16-gbe6223bb7e (webtiles) character file.

Game seed: 15982577482783017898

128291 themargong the Warrior (level 17, 0/170 HPs)
             Began as a Hill Orc Fighter on May 21, 2023.
             Was an Elder of Okawaru.
             Slain by a sun demon (1 damage)
             ... led by a balrug
             ... on level 3 of the Abyss.
             The game lasted 01:20:17 (31319 turns).

themargong the Warrior (Hill Orc Fighter)          Turns: 31319, Time: 01:20:17

Health: 0/170      AC: 27    Str: 26    XL:     17   Next: 3%
Magic:  28/28      EV: 12    Int:  7    God:    Okawaru [****..]
Gold:   554        SH:  0    Dex: 20    Spells: 16/16 levels left

rFire   . . .        a - +5 war axe (pain)
rCold   + . .        c - +0 buckler
rNeg    . . .        G - +0 plate armour
rPois   +            u - +2 helmet
rElec   .            K - +2 cloak {Will+}
rCorr   +            n - +2 pair of gloves
SInv    .            (no boots)
Will    ++...        x - amulet of reflection Stlth
                     q - ring "Kiluh" {rC+ rCorr Dex+6}
HPRegen 0.00/turn    A - ring of poison resistance
MPRegen 0.21/turn

%: reflection
@: confused, finesse-ful, ambrosia-drunk, sick
A: agile 1, regeneration 1
a: Renounce Religion, Heroism, Finesse


You were on level 3 of the Abyss.
You worshipped Okawaru.
Okawaru was greatly pleased with you.
You visited 5 branches of the dungeon, and saw 24 of its levels.
You visited the Abyss 2 times.
You also visited: Bailey and Ice Cave.

You collected 3675 gold pieces.
You spent 3121 gold pieces at shops.

Inventory:

Hand Weapons
 a - a +5 war axe of pain (weapon)
 b - the +2 flail of the Puffball {protect, +Blink rElec rCorr MP+9}
   (You found it on level 5 of the Dungeon)

   rElec:     It insulates you from electricity.
   MP:        It affects your magic capacity (+9).
   +Blink:    It lets you blink.
   rCorr:     It protects you from acid and corrosion.
Missiles
 o - 29 poisoned darts
 t - 27 boomerangs
 H - 3 curare-tipped darts
 I - 7 javelins (quivered)
 U - 4 datura-tipped darts
 W - 2 silver javelins
Armour
 c - a +0 buckler (worn)
 n - a +2 pair of gloves (worn)
 u - a +2 helmet (worn)
 G - a +0 plate armour (worn)
 K - a +2 cloak of willpower (worn)
Jewellery
 g - a ring of see invisible
 q - the ring "Kiluh" (left hand) {rC+ rCorr Dex+6}
   (You bought it in a shop on level 2 of the Orcish Mines)

   [ring of dexterity]

   Dex:       It affects your dexterity (+6).
   rC:        It protects you from cold.
   rCorr:     It protects you from acid and corrosion.
 x - an amulet of reflection (around neck)
 A - a ring of poison resistance (right hand)
 R - a +6 ring of dexterity
Wands
 s - a wand of flame (10)
 v - a wand of mindburst (5)
 B - a wand of paralysis (10)
 E - a wand of polymorph (11)
 L - a wand of acid (3)
 M - a wand of digging (5)
 S - a wand of roots (2)
Scrolls
 e - a scroll of poison
 f - 2 scrolls of silence
 j - 9 scrolls of teleportation
 l - a scroll of blinking
 p - 5 scrolls of enchant weapon
 y - 4 scrolls of immolation
 J - 2 scrolls of brand weapon
 N - 5 scrolls of magic mapping
 P - 3 scrolls of fear
 X - 2 scrolls of fog
 Y - 2 scrolls of vulnerability
 Z - 2 scrolls of identify
Potions
 d - 10 potions of curing
 h - 3 potions of attraction
 i - 3 potions of might
 k - 3 potions of invisibility
 m - 3 potions of heal wounds
 r - a potion of mutation
 w - 2 potions of berserk rage
 z - 3 potions of ambrosia
 C - 3 potions of lignification
 D - 2 potions of haste
 F - 2 potions of magic
 O - 2 potions of resistance
 Q - 3 potions of flight
 T - 2 potions of cancellation
Miscellaneous
 V - a lightning rod (4/4)


   Skills:
 - Level 20.0 Fighting
 - Level 16.0 Axes
 + Level 9.2 Throwing
 - Level 15.0 Armour
 - Level 7.0 Dodging
 - Level 10.0 Shields
 + Level 15.3 Invocations
 - Level 5.0 Evocations


You had 16 spell levels left.
You didn't know any spells.
Your spell library contained the following spells:

 Spells                   Type           Power      Damage    Failure   Level
 Poisonous Vapours        Pois/Air       0%         N/A       99%         2
 Dazzling Flash           Conj/Hex       0%         N/A       100%        3
 Frozen Ramparts          Ice            0%         1d1       100%        3
 Hailstorm                Conj/Ice       0%         3d3       100%        3
 Mephitic Cloud           Conj/Pois/Air  0%         N/A       100%        3
 Ozocubu's Armour         Ice            0%         N/A       100%        3
 Volatile Blastmotes      Fire/Tloc      0%         2d10      100%        3
 Fulminant Prism          Conj/Hex       0%         3d5       100%        4
 Ice Form                 Ice/Tmut       0%         N/A       100%        4
 Iskenderun's Mystic Bla  Conj/Tloc      0%         2d3       100%        4
 Olgreb's Toxic Radiance  Pois           0%         N/A       100%        4
 Blade Hands              Tmut           0%         N/A       100%        5
 Freezing Cloud           Conj/Ice/Air   0%         6-21      100%        5
 Lee's Rapid Deconstruct  Erth           0%         3d4*      100%        5
 Metabolic Englaciation   Hex/Ice        0%         N/A       100%        5
 Eringya's Noxious Bog    Tmut/Pois      0%         N/A       100%        6
 Iron Shot                Conj/Erth      0%         9d1       100%        6
 Starburst                Conj/Fire      0%         6d3       100%        6
 Borgnjor's Revivificati  Necr           0%         N/A       100%        8
 Discord                  Hex            0%         N/A       100%        8
 Ignition                 Fire           0%         3d3       100%        8
 Necromutation            Tmut/Necr      0%         N/A       100%        8
 Death's Door             Necr           0%         N/A       100%        9
 Animate Armour           Summ/Erth      Unusable   N/A       N/A         4
 Summon Ice Beast         Ice/Summ       Unusable   N/A       N/A         4
 Summon Forest            Summ/Tloc      Unusable   N/A       N/A         5
 Simulacrum               Ice/Necr       Unusable   N/A       N/A         6
 Summon Hydra             Summ           Unusable   N/A       N/A         7

Dungeon Overview and Level Annotations

Branches:
Dungeon (15/15)            Temple (1/1) D:5            Lair (5/5) D:10
 Shoals (0/4) Lair:2        Snake (1/4) Lair:3        Slime (0/5) Lair:4
    Orc (2/2) D:12            Elf (0/3) Orc:2        Vaults (0/5) D:14
 Depths (0/4) D:15         Bailey (visited)           IceCv (visited)

Altars:
Ashenzari
Cheibriados
Dithmenos
Elyvilon
Fedhas
Gozag
Hepliaklqana
Kikubaaqudgha
Makhleb
Nemelex Xobeh
Okawaru
Qazlal
Ru
Sif Muna
Trog
Uskayaw
Vehumet
Wu Jian
Xom
Yredelemnul
Zin
The Shining One
Beogh
Jiyva

Shops:
D:8 :   D:9 :   D:13 *   Orc:1 :   Orc:2 *=:

Annotations:
D:4 1 runed translucent door, Crazy Yiuf
Lair:3 Louise


Innate Abilities, Weirdness & Mutations

You are agile. (Dex +4, Str/Int -1)
Your natural rate of healing is unusually fast.


Message History

The balrug is severely wounded.
You hit the vampire. You hit the sun demon. You hit the balrug.
The balrug is almost dead.
You slash the vampire! You slash the sun demon! The balrug gestures at you.
The bolt of fire hits you!!!
The bolt of fire hits the sun demon.
The sun demon completely resists.
The sun demon hits you!!
* * * LOW HITPOINT WARNING * * *
You are engulfed in flames!
* * * LOW HITPOINT WARNING * * *
Blink to where?
Press: ? - help, Dir - move target
As you read the scroll of blinking, it crumbles to dust.
The balrug gestures at you. Something smites you!
* * * LOW HITPOINT WARNING * * *
You are confused.
You feel invigorated. The vampire barely misses you.
The vampire bites you but does no damage.
The large abomination closely misses you.
You slice the large abomination!!
The large abomination is heavily damaged.
You completely miss the balrug. You slice the vampire!!
You destroy the vampire!
Okawaru accepts your kill.
You hit the large abomination but do no damage.
The large abomination is heavily damaged.
You miss the balrug. The balrug hits you but does no damage.
You slash the large abomination!
The large abomination is almost destroyed.
You slash the balrug! The large abomination misses you.
You bump into the stone wall.
The balrug hits you with a +0 demon whip!
* * * LOW HITPOINT WARNING * * *
You are engulfed in flames!!
* * * LOW HITPOINT WARNING * * *
The sun demon hits you.
You die...

... ...# ##....#.....
#. .#.....##......#
#### ...... .......
..#.. ........... . §#.
......... #.#.§
#.#.###..#.## #
.##§#.#..##.#.##..#.#.#
# ##§#.
#......2X....#.#
§#.........3@.....#
#.###.....#.#.#......#
#..#...#..##..##..#.
.........#.....## .#
....# .#..#. .#.. #
.#..#.###.. .... ..#..
. .## .##.. ##


You could see a balrug, a sun demon and a large abomination.

Vanquished Creatures
  3 tentacled starspawn
  A caustic shrike zombie (D:15)
  An orc warlord (Orc:2)
  2 very ugly things (IceCv)
  Azrael (D:15)
  A vault guard (D:14)
  3 catoblepae
  3 ogre magi
  4 hydras
  5 centaur warriors
  A deep troll shaman (Lair:5)
  15 two-headed ogres
  3 boulder beetles
  14 death yaks
  2 thrashing horrors (Abyss:2)
  A sun demon (Abyss:3)
  Nergalle (Lair:3)
  A wretched star (Abyss:2)
  Lodul (D:12)
  2 sixfirhies
  5 skeletal warriors (D:15)
  2 deep trolls (Orc:2)
  2 lindwurms (Lair:5)
  A flayed ghost (D:15)
  A swamp dragon (shapeshifter) (D:14)
  2 orc knights
  A necromancer (D:15)
  A wizard (D:14)
  Pikel (D:7)
  A stone giant zombie (D:15)
  An orange crystal statue (IceCv)
  An orc sorcerer (Orc:2)
  3 deep elf pyromancers
  4 manticores
  19 ugly things
  12 cyclopes
  A worldbinder (Abyss:3)
  10 elephants
  A merfolk siren (Lair:2)
  An apocalypse crab (Abyss:3)
  2 torpor snails
  5 starcursed masses
  A frost giant skeleton (D:15)
  9 black mambas
  8 cane toads
  A rime drake (shapeshifter) (D:14)
  Psyche (D:11)
  Maggie (D:7)
  4 rime drakes
  12 komodo dragons
  3 freezing wraiths
  A kobold demonologist (D:13)
  3 anaconda simulacra (IceCv)
  A golden dragon simulacrum (IceCv)
  2 tengu conjurers (D:13)
  A spriggan skeleton (D:15)
  An efreet (D:13)
  A guardian mummy (D:15)
  3 meliai (D:14)
  A troll (shapeshifter) (D:14)
  2 ancient zymes
  A queen bee (shapeshifter) (D:15)
  3 merfolk (Lair:2)
  2 polar bears
  16 trolls
  2 polar bears (shapeshifter)
  3 hornets
  27 blink frogs
  4 raiju (Abyss:2)
  8 dream sheep
  12 slime creatures
  A jumping spider (shapeshifter) (Abyss:3)
  A spriggan (Lair:2)
  A fire elemental (D:15)
  2 wyverns
  2 shadows
  23 yaks
  4 vampires
  A dire elephant simulacrum (IceCv)
  4 wraiths
  5 basilisks
  A fire bat (shapeshifter) (D:13)
  A human (D:12)
  5 large abominations
  A fire bat (Abyss:3)
  A neqoxec (Abyss:2)
  Menkaure (D:7)
  2 steam dragons (D:7)
  3 vampire mosquitoes (D:12)
  6 wargs
  2 nagas (Lair:3)
  4 acid dragons
  12 water moccasins
  An acid dragon (shapeshifter) (D:15)
  2 hydra simulacra (IceCv)
  4 hell hounds (D:15)
  24 orc warriors
  2 ice beasts
  4 sky beasts
  5 boggarts (D:15)
  6 black bears
  35 ogres
  50 wolves
  27 centaurs
  A lemure (D:7)
  9 bullfrogs
  6 earth elementals (D:12)
  7 kobold brigands (Bailey)
  2 scorpions
  A gnoll sergeant (D:10)
  2 small abominations (Abyss:2)
  3 wights (D:9)
  A lindwurm simulacrum (IceCv)
  10 howler monkeys
  A quasit (Abyss:2)
  3 hounds
  21 orc priests
  3 iguanas
  5 jellies
  A gnoll bouda (Orc:1)
  2 sleepcaps (D:5)
  32 orc wizards
  10 gnolls
  10 adders
  3 white imps
  An ufetubus (D:4)
  2 worms (D:3)
  4 dart slugs
  71 orcs
  9 endoplasms
  2 giant cockroaches
  6 goblins
  5 hobgoblins
  14 jackals
  2 quokkas
  10 ball pythons
  3 bats
  4 frilled lizards
  13 kobolds
  3 rats
  2 starspawn tentacles
803 creatures vanquished.

Vanquished Creatures (others)
  An acid dragon (D:13)
  An ufetubus (Abyss:2)
  2 lurking horrors (Abyss:2)
  4 starspawn tentacles
8 creatures vanquished.

Grand Total: 811 creatures vanquished

Notes
Turn   | Place    | Note
-------+----------+-------------------------------------------
     0 | D:1      | themargong the Hill Orc Fighter began the quest for the
                  | Orb.
     0 | D:1      | Reached XP level 1. HP: 19/19 MP: 1/1
   370 | D:1      | Reached XP level 2. HP: 27/27 MP: 2/2
   429 | D:1      | Reached skill level 4 in Fighting
   850 | D:2      | Reached XP level 3. HP: 29/34 MP: 3/3
  1224 | D:2      | Reached XP level 4. HP: 27/41 MP: 4/4
  1453 | D:2      | Reached skill level 5 in Fighting
  1903 | D:3      | Reached skill level 5 in Axes
  2061 | D:3      | Reached XP level 5. HP: 13/48 MP: 5/5
  2634 | D:3      | Noticed an ogre
  2639 | D:3      | Killed an ogre
  2640 | D:3      | Reached XP level 6. HP: 30/56 MP: 6/6
  2921 | D:4      | Found a snail-covered altar of Cheibriados.
  3153 | D:4      | Found a runed translucent door.
  3154 | D:4      | Noticed Crazy Yiuf
  3658 | D:4      | Reached XP level 7. HP: 51/61 MP: 7/7
  4052 | D:5      | Entered Level 5 of the Dungeon
  4161 | D:5      | Reached skill level 10 in Axes
  4200 | D:5      | Found a staircase to the Ecumenical Temple.
  4216 | Temple   | Entered the Ecumenical Temple
  4310 | Temple   | Became a worshipper of Warmaster Okawaru
  4535 | D:5      | Reached XP level 8. HP: 68/68 MP: 8/8
  4543 | D:5      | Found a shadowy altar of Dithmenos.
  4545 | D:5      | Found a shimmering altar of Xom.
  4619 | D:5      | Identified the +2 flail of the Puffball {protect, +Blink
                  | rElec rCorr MP+9}
  4994 | D:5      | Reached * piety under Okawaru
  5635 | D:6      | Found a hazy altar of Hepliaklqana.
  5810 | D:7      | Reached XP level 9. HP: 75/75 MP: 9/9
  5842 | D:7      | Noticed Maggie
  5847 | D:7      | Noticed Pikel
  5876 | D:7      | Killed Maggie
  5876 | D:7      | Reached ** piety under Okawaru
  5877 | D:7      | Reached skill level 6 in Fighting
  5894 | D:7      | Killed Pikel
  5895 | D:7      | Reached skill level 5 in Shields
  6161 | D:7      | Reached skill level 7 in Fighting
  6368 | D:7      | Reached skill level 1 in Invocations
  6636 | D:7      | Reached skill level 15 in Axes
  7018 | D:7      | Noticed Menkaure
  7021 | D:7      | Killed Menkaure
  7112 | D:8      | Reached *** piety under Okawaru
  7113 | D:8      | Reached XP level 10. HP: 86/86 MP: 12/12
  7285 | D:8      | Reached skill level 1 in Throwing
  7288 | D:8      | Reached skill level 1 in Evocations
  7421 | D:8      | Found Tekh's Book Emporium.
  7798 | D:9      | Reached skill level 5 in Invocations
  8260 | D:9      | Found Niadoavo's Book Shop.
  8293 | D:9      | Reached skill level 8 in Fighting
  8301 | D:9      | Reached **** piety under Okawaru
  8427 | D:9      | Noticed a two-headed ogre
  8435 | D:9      | Killed a two-headed ogre
  8436 | D:9      | Reached skill level 9 in Fighting
  8563 | D:9      | Noticed a cyclops
  8585 | D:9      | Killed a cyclops
  8586 | D:9      | Reached skill level 10 in Fighting
  8669 | D:9      | Noticed a cyclops
  8669 | D:9      | Noticed a two-headed ogre
  8672 | D:9      | Noticed a cyclops
  8676 | D:9      | Killed a two-headed ogre
  8677 | D:9      | Reached XP level 11. HP: 54/99 MP: 7/15
  8687 | D:9      | Killed a cyclops
  8688 | D:9      | Reached skill level 5 in Armour
  8688 | D:9      | Killed a cyclops
  9106 | D:10     | Entered Level 10 of the Dungeon
  9238 | D:10     | Identified a scroll of acquirement
  9239 | D:10     | Acquired a manual of Armour
  9283 | D:10     | Reached skill level 11 in Fighting
  9337 | D:10     | Found a staircase to the Lair.
  9401 | D:10     | Found a flagged portal.
  9410 | Bailey   | Entered a bailey
  9654 | Bailey   | Received a gift from Okawaru
  9666 | Bailey   | Noticed an orc knight
  9688 | Bailey   | Killed an orc knight
  9689 | Bailey   | Reached skill level 12 in Fighting
  9702 | Bailey   | Found a burning altar of Makhleb.
  9990 | D:10     | Identified the +4 falchion of Scorn {freeze, rElec rPois
                  | MP+9 Dex+4}
  9995 | D:10     | Identified the +3 war axe of Honour {heavy, Will+ SInv}
 10286 | D:11     | Noticed a brown ugly thing
 10286 | D:11     | Noticed a cyclops
 10316 | D:11     | Noticed a cyclops
 10323 | D:11     | Killed a cyclops
 10345 | D:11     | Noticed Psyche
 10353 | D:11     | Killed Psyche
 10387 | D:11     | Reached skill level 13 in Fighting
 10438 | D:11     | Killed a cyclops
 10899 | D:11     | Killed a brown ugly thing
 11393 | Lair:1   | Entered Level 1 of the Lair of Beasts
 11399 | Lair:1   | Reached XP level 12. HP: 104/115 MP: 15/17
 11454 | Lair:1   | Reached skill level 10 in Armour
 12031 | Lair:1   | Reached skill level 14 in Fighting
 12392 | Lair:2   | Reached ***** piety under Okawaru
 12414 | Lair:2   | Noticed a boulder beetle
 12444 | Lair:2   | Killed a boulder beetle
 12693 | Lair:2   | Reached skill level 15 in Fighting
 12916 | Lair:2   | Reached skill level 1 in Dodging
 13467 | Lair:2   | Identified the +3 longbow of Death {flame, Str+2 Stlth+}
                  | (Okawaru gifted it to you on level 2 of the Lair of Beasts)
 13467 | Lair:2   | Received a gift from Okawaru
 13788 | Lair:2   | Found a staircase to the Shoals.
 14672 | Lair:3   | Noticed Nergalle
 14687 | Lair:3   | Killed Nergalle
 14778 | Lair:3   | Found a staircase to the Snake Pit.
 14793 | Lair:3   | Reached skill level 10 in Invocations
 14796 | Lair:3   | Reached XP level 13. HP: 100/126 MP: 9/20
 15071 | Lair:3   | Reached skill level 5 in Dodging
 16788 | Lair:4   | Found a staircase to the Slime Pits.
 16788 | Lair:4   | Found a viscous altar of Jiyva.
 17388 | Lair:5   | Entered Level 5 of the Lair of Beasts
 17609 | Lair:4   | Reached skill level 5 in Evocations
 17611 | Lair:4   | Reached skill level 5 in Throwing
 18245 | Lair:4   | Found a viscous altar of Jiyva.
 18245 | Lair:4   | Found a staircase to the Slime Pits.
 18978 | Lair:5   | Received a gift from Okawaru
 18979 | Lair:5   | Reached XP level 14. HP: 132/135 MP: 23/23
 19465 | Lair:5   | Received a gift from Okawaru
 19466 | Lair:5   | Reached skill level 15 in Armour
 19835 | Lair:5   | Received a gift from Okawaru
 20583 | Lair:5   | Received a gift from Okawaru
 21146 | D:12     | Reached skill level 15 in Invocations
 21248 | D:12     | Received a gift from Okawaru
 21365 | D:12     | Found a staircase to the Orcish Mines.
 21846 | D:12     | Noticed Lodul
 21899 | D:12     | Killed Lodul
 22420 | D:12     | Reached XP level 15. HP: 69/143 MP: 13/26
 23191 | Orc:1    | Entered Level 1 of the Orcish Mines
 23197 | Orc:1    | Reached skill level 16 in Fighting
 23198 | Orc:1    | Found a roughly hewn altar of Beogh.
 23438 | Orc:1    | Found Kane's Book Emporium.
 23488 | Orc:1    | Received a gift from Okawaru
 23937 | Orc:2    | Entered Level 2 of the Orcish Mines
 24379 | Orc:2    | Found a staircase to the Elven Halls.
 24381 | Orc:2    | Found Zeerph's Jewellery Shop.
 24439 | Orc:2    | Reached skill level 17 in Fighting
 24456 | Orc:2    | Paralysed by an ogre mage for 5 turns
 24805 | Orc:2    | Noticed an orc warlord
 24819 | Orc:2    | Reached skill level 18 in Fighting
 24861 | Orc:2    | Killed an orc warlord
 25092 | Orc:2    | Found Afomnuoc's Assorted Antiques.
 25093 | Orc:2    | Found Umepeq's Magic Scroll Emporium.
 25110 | Orc:2    | Received a gift from Okawaru
 25196 | Orc:2    | Found Opse's Book Boutique.
 25199 | Orc:2    | Bought a scroll of teleportation for 42 gold pieces
 25199 | Orc:2    | Bought a scroll of fog for 56 gold pieces
 25199 | Orc:2    | Bought a scroll of brand weapon for 133 gold pieces
 25199 | Orc:2    | Bought a scroll of enchant armour for 105 gold pieces
 25479 | Orc:2    | Bought a steaming lead amulet for 160 gold pieces
 25479 | Orc:2    | Identified the amulet of Secexarph {RegenMP Harm Will-
                  | rCorr Int-4} (You bought it in a shop on level 2 of the
                  | Orcish Mines)
 25479 | Orc:2    | Bought 2 potions of heal wounds for 320 gold pieces
 25479 | Orc:2    | Bought a scroll labelled XUTEUNK MEASA for 32 gold pieces
 25485 | Orc:2    | Bought a scroll of identify for 28 gold pieces
 25485 | Orc:2    | Bought a scroll of identify for 28 gold pieces
 25485 | Orc:2    | Bought a scroll of identify for 28 gold pieces
 25485 | Orc:2    | Bought a scroll of fear for 56 gold pieces
 25485 | Orc:2    | Bought a scroll of enchant armour for 105 gold pieces
 25485 | Orc:2    | Bought a scroll of enchant weapon for 105 gold pieces
 25701 | D:13     | Found Fysuth's Assorted Antiques.
 25709 | D:13     | Bought a scroll of magic mapping for 217 gold pieces
 25709 | D:13     | Bought a scroll of silence for 275 gold pieces
 25709 | D:13     | Bought a potion of invisibility for 232 gold pieces
 25709 | D:13     | Bought a potion of curing for 87 gold pieces
 25924 | D:13     | Received a gift from Okawaru
 25951 | D:13     | Reached skill level 19 in Fighting
 27716 | D:14     | Found a gate to the Vaults.
 28043 | D:15     | Entered Level 15 of the Dungeon
 28053 | D:15     | Reached skill level 20 in Fighting
 28053 | D:15     | Reached XP level 16. HP: 95/162 MP: 10/27
 28056 | D:15     | Received a gift from Okawaru
 28102 | D:15     | Noticed Azrael
 28138 | D:15     | Killed Azrael
 28200 | D:15     | Found a frozen archway.
 28417 | IceCv    | Entered an ice cave
 28704 | IceCv    | Found a transporter.
 28721 | IceCv    | Found a transporter.
 29599 | D:15     | Found a staircase to the Depths.
 30252 | Orc:2    | Bought the ring "Kiluh" {rC+ rCorr Dex+6} for 722 gold
                  | pieces
 30252 | Orc:2    | Bought an amulet of reflection for 390 gold pieces
 30463 | Snake:1  | Entered Level 1 of the Snake Pit
 30463 | Snake:1  | Noticed Louise
 30542 | Abyss:2  | Cast into level 2 of the Abyss (Louise)
 30554 | Abyss:2  | Found a corrupted altar of Lugonu.
 30563 | Abyss:2  | Found a corrupted altar of Lugonu.
 30707 | Abyss:2  | Gained mutation: You are agile. (Dex +4, Str/Int -1)
                  | [potion of mutation]
 30707 | Abyss:2  | Gained mutation: Your natural rate of healing is unusually
                  | fast. [potion of mutation]
 30754 | Abyss:2  | Noticed a tentacled starspawn
 30763 | Abyss:2  | Killed a tentacled starspawn
 31092 | Abyss:2  | Reached skill level 10 in Shields
 31109 | Abyss:2  | Noticed a tentacled starspawn
 31121 | Abyss:2  | Killed a tentacled starspawn
 31124 | Snake:1  | Escaped the Abyss
 31162 | Abyss:3  | Found a corrupted altar of Lugonu.
 31162 | Abyss:3  | Cast into level 3 of the Abyss (Louise)
 31180 | Abyss:3  | Found a corrupted altar of Lugonu.
 31192 | Abyss:3  | Found a corrupted altar of Lugonu.
 31194 | Abyss:3  | Found a corrupted altar of Lugonu.
 31194 | Abyss:3  | Found a corrupted altar of Lugonu.
 31265 | Abyss:3  | Noticed a tentacled starspawn
 31273 | Abyss:3  | Killed a tentacled starspawn
 31281 | Abyss:3  | Reached XP level 17. HP: 161/170 MP: 28/28
 31319 | Abyss:3  | HP: 1/170 [balrug/+0 demon whip (18)]
 31319 | Abyss:3  | Slain by a sun demon

Illustrated notes

Levels and vault maps discovered:
D:1:      dpeg_arrival_erosion, layout_basic
D:2:      layout_loops_ring, chequers_serial_rivers_micro_b
D:3:      layout_basic, bh_walls_and_bars
D:4:      layout_basic, mainiacjoe_overflow_cross_hatched,
          uniq_crazy_yiuf_cottage
D:5:      layout_loops_ring, nicolae_overflow_squiral,
          minmay_temple_entry_statues_pillars
D:6:      layout_rooms, mainiacjoe_overflow_brackets
D:7:      layout_basic, hangedman_misty_isle, uniq_menkaure, uniq_maggie,
          uniq_pikel
D:8:      layout_cave_pools, serial_shops, shop
D:9:      layout_basic, serial_shops, shop, hellmonk_guarded_unrand_dark_maul
D:10:     hellmonk_crumbling_castle, layout_stronghold, lair_entry_dummy,
          enter_bailey_6
D:11:     layout_basic, serial_corexii_hall, corexii_hall_statues_x,
          corexii_hall_statues_i, uniq_psyche
D:12:     layout_irregular_city, erik_orc_4, hangedman_cracks_in_the_wall,
          uniq_lodul
D:13:     layout_stronghold, serial_shops, nicolae_stop_n_shop_2,
          minmay_pinched_square
D:14:     layout_loops_cross, david_vaults_5, hangedman_decor_diamond_cutter
D:15:     gammafunk_depths_entry_grave, layout_irregular_city,
          hangedman_abyss_or_decor_lesser_grid,
          portal_ice_cave_entry_ugly_swarm, uniq_azrael
Temple:   mainiacjoe_temple_coin_purse
Lair:1:   layout_chaotic_city, nicolae_volcano_entry_s_turn, beast_lair_carwin_3
Lair:2:   layout_small_grid, elwin_shoals_entry_stream,
          grunt_forest_stairs_clearing, serial_bayou_shore_b
Lair:3:   layout_long_grid, guppyfry_snake_entry_island,
          infiniplex_staircase_pool_2, uniq_nergalle
Lair:4:   layout_cave_pods, nicolae_slime_entry_slimehenge, beast_lair_carwin_4,
          grunt_megastairs_5
Lair:5:   grunt_lair_end_beastmaster, layout_loops_ring,
          grunt_forest_large_clearings, serial_bayou_shore_b
Snake:1:  layout_rooms, gammafunk_ghost_split, grunt_ministairs_2,
          nicolae_snake_squiggles, uniq_frances, uniq_louise, uniq_agnes
Orc:1:    layout_caves, basic_altar, serial_shops, shop, nicolae_orc_rockfall
Orc:2:    st_orc_open, layout_diamond_mine
Abyss:3:  base:
D:2

Skill      XL: |  1  2  3  4  5  6  7  8  9 10 11 12 13 14 15 16 |
---------------+-------------------------------------------------+-----
Axes           | 3 4 5 7 8 11 13 15 16 | 16.0
Fighting       | 4 5 7 10 13 15 20 | 20.0
Shields        | 4 5 7 10 | 10.0
Invocations    | 3 6 7 10 12 15 | 15.3
Throwing       | 2 6 9 |  9.2
Evocations     | 2 5 |  5.0
Armour         | 4 9 10 12 15 | 15.0
Dodging        | 4 5 7 |  7.0

Action                     |  1- 3 |  4- 6 |  7- 9 | 10-12 | 13-15 | 16-18 || total
---------------------------+-------+-------+-------+-------+-------+-------++-------
  Melee: War axe           |    99 |   186 |   248 |   573 |  1379 |   521 ||  3006
         Flail             |       |       |       |       |    33 |       ||    33
  Throw: Dart              |       |     2 |    10 |     7 |     7 |       ||    26
         Javelin           |       |       |       |       |    11 |    13 ||    24
         Boomerang         |       |       |       |       |    10 |     3 ||    13
 Invoke: Heroism           |       |       |       |    15 |    18 |     9 ||    42
         Finesse           |       |       |       |     4 |    16 |    10 ||    30
  Evoke: Wand              |       |       |     6 |    21 |     4 |     3 ||    34
         Lightning rod     |       |       |       |       |     3 |     3 ||     6
    Use: Potion            |       |     4 |     2 |     1 |     1 |     6 ||    14
         Scroll            |       |       |     7 |     9 |    17 |     3 ||    36
   Stab: Paralysed         |       |       |       |    20 |       |       ||    20
         Petrified         |       |       |       |       |     6 |       ||     6
         Distracted        |       |       |       |       |     1 |       ||     1
 Armour: Scale mail        |    58 |    87 |     4 |       |       |       ||   149
         Chain mail        |       |       |    99 |     8 |       |       ||   107
         Plate armour      |       |       |       |   206 |   754 |   210 ||  1170
  Dodge: Dodged            |    62 |    61 |    69 |   158 |   476 |   168 ||   994
  Block: Buckler           |    28 |    40 |    38 |    89 |   295 |   133 ||   623
         Reflection        |       |       |       |       |       |     2 ||     2
